 Dungeon Crawl Stone Soup version 0.20.1-1-g8b1a95d (webtiles) character file.

192 BingusPrime the Ruffian (level 5, -10/40 HPs)
             Began as a Draconian Transmuter on Nov 27, 2017.
             Killed by divine providence
             ... invoked by an orc priest
              (15 damage)
             ... on level 3 of the Dungeon.
             The game lasted 00:20:25 (2407 turns).

BingusPrime the Ruffian (Draconian Transmuter)      Turns: 2407, Time: 00:20:26

Health: -10/40     AC:  2    Str: 14    XL:     5   Next: 42%
Magic:  1/9        EV: 20    Int: 13    God:
Gold:   152        SH:  0    Dex: 16    Spells: 4/10 levels left

rFire    . . .     SeeInvis .     - Unarmed
rCold    . . .     Gourm    .   (shield currently unavailable)
rNeg     . . .     Faith    +   (armour unavailable)
rPois    x         Spirit   .   (helmet currently unavailable)
rElec    .         Reflect  .   (cloak currently unavailable)
rCorr    .         Harm     .   (gloves currently unavailable)
MR       .....                  (boots currently unavailable)
Stlth    +++.......             h - amulet of faith
Regen    0.2/turn               j - ring of stealth
MPRegen  0.2/turn               (no ring)

@: spider-form (expiring), very slightly contaminated
A: unfitting armour, AC +5
a: End Transformation


You were on level 3 of the Dungeon.
You were not hungry.
You were a venomous arachnid creature.
You visited 1 branch of the dungeon, and saw 3 of its levels.

You collected 152 gold pieces.

Inventory:

Hand Weapons
 c - a +4 club
 g - a +0 dagger
 k - a +0 whip (melded)
 m - a +0 club
 n - a +0 hunting sling
 o - a +0 spear
Missiles
 a - 26 arrows
 r - 2 tomahawks (quivered)
Jewellery
 h - an amulet of faith (around neck)
 j - a ring of stealth (left front leg)
 u - a +5 ring of intelligence {unknown}
Scrolls
 d - 4 scrolls of teleportation
 i - 5 scrolls of identify
 s - 2 scrolls of remove curse {unknown}
Potions
 e - a potion of might
 l - 3 potions of heal wounds {unknown}
 q - a potion of haste {unknown}
Books
 b - a book of Changes

   Spells                             Type                      Level
   a - Beastly Appendage              Transmutation                1
   b - Sticks to Snakes               Transmutation                2
   c - Spider Form                    Transmutation/Poison         3
   d - Ice Form                       Ice/Transmutation            4
   e - Blade Hands                    Transmutation                5
Comestibles
 f - 2 meat rations
 p - a royal jelly
 t - 2 chunks of flesh


   Skills:
 + Level 1.1 Fighting
 + Level 1.3 Maces & Flails
 + Level 2.6 Dodging
 + Level 0.2 Stealth
 + Level 4.0 Unarmed Combat
 + Level 3.1 Spellcasting
 + Level 2.9 Transmutations
 + Level 0.6 Poison Magic


You had 4 spell levels left.
You knew the following spells:

 Your Spells              Type           Power        Failure   Level  Hunger
a - Beastly Appendage     Tmut           #.....       19%         1    #......
b - Spider Form           Tmut/Pois      #.........   54%         3    ###....
c - Sticks to Snakes      Tmut           #.......     26%         2    ##.....


Dungeon Overview and Level Annotations

Branches:
Dungeon (3/15)

Altars:
Okawaru


Innate Abilities, Weirdness & Mutations

((Your plain brown scales are hard. (AC +5)))
You cannot fit into any form of body armour.
((You are cold-blooded and may be slowed by cold attacks.))


Message History

Your +0 whip melds into your body.
The orc priest completely misses you.
The orc hits you with a hand axe of electrocution.
You are electrocuted!
You hit the orc priest but do no damage.
The orc priest is poisoned.
The orc priest completely misses you. The orc misses you.
Your ball python barely misses the orc.
Your ball python grabs the orc.
Your ball python constricts the orc.
The orc closely misses you.
The orc priest mumbles some strange prayers to Beogh against you.
Pain shoots through your body!
You barely miss the orc priest.
The orc priest is lightly wounded.
Your ball python bites the orc.
Your ball python constricts the orc.
The orc priest hits you with a whip. The orc hits you with a mace!
* * * LOW HITPOINT WARNING * * *
The orc hits you but does no damage.
The orc priest invokes the aid of Beogh against you.
Beogh smites you!
You die...

## #. #. #.### .###. #.
#....# #.#.# #.
.#.....## #...# #.
#.......# #...########.
#.......# #...##)......
#.....oo####...##.#####.
#.....osS...........###.
#(....o..............##.
#....##.......).........
##.# #.####...##..#....
.. ### #...##....... #
#...###.#.... #...#
#.##... #...# #.###..
##.## #......


You could see 2 orc priests, 2 orcs and a friendly ball python.

Vanquished Creatures
  A crimson imp (D:3)
  Jessica (D:3)
  Robin (D:2)
  An adder (D:3)
  A gnoll (D:2)
  A worm (D:2)
  5 dart slugs
  3 leopard geckos (D:2)
  5 orcs
  2 ball pythons
  4 giant cockroaches
  14 goblins
  11 hobgoblins
  4 bats
  2 frilled lizards (D:2)
  9 kobolds
  4 rats (D:2)
69 creatures vanquished.

Vanquished Creatures (collateral kills)
  A gnoll (D:2)
  2 orcs
  A goblin (D:2)
4 creatures vanquished.

Grand Total: 73 creatures vanquished

Notes
Turn   | Place    | Note
-------+----------+-------------------------------------------
     0 | D:1      | BingusPrime the Draconian Transmuter began the quest for the Orb.
     0 | D:1      | Reached XP level 1. HP: 16/16 MP: 3/3
    63 | D:1      | Reached XP level 2. HP: 23/23 MP: 3/5
   573 | D:2      | Reached XP level 3. HP: 21/28 MP: 6/6
   609 | D:2      | Gained mutation: You are dopey. (Int -2) [potion of mutation]
   609 | D:2      | Lost mutation: You are dopey. (Int -2) [potion of mutation]
   868 | D:2      | Noticed Robin
   876 | D:2      | Learned a level 3 spell: Spider Form
   987 | D:2      | Killed Robin
  1003 | D:2      | Reached XP level 4. HP: 20/35 MP: 1/7
  1140 | D:2      | Learned a level 2 spell: Sticks to Snakes
  1391 | D:2      | Reached skill level 4 in Unarmed Combat
  1401 | D:2      | Reached skill level 1 in Maces & Flails
  1408 | D:2      | Found an iron altar of Okawaru.
  1691 | D:3      | Noticed Jessica
  1994 | D:3      | Killed Jessica
  1994 | D:3      | Reached XP level 5. HP: 14/40 MP: 1/9
  2407 | D:3      | Killed from afar by an orc priest

Skill      XL: |  1  2  3  4 |
---------------+-------------+-----
Dodging        | 2 |  2.6
Unarmed Combat | 4 |  4.0
Maces & Flails | 1 |  1.3
Spellcasting   | 3 |  3.1
Fighting       | |  1.1
Stealth        | |  0.2
Transmutations | |  2.9
Poison Magic   | |  0.6

Action                   |  1- 3 |  4- 6 || total
-------------------------+-------+-------++-------
Melee: Unarmed           |    64 |    32 ||    96
       Kick              |     9 |     2 ||    11
       Tailslap          |    13 |     7 ||    20
       Whip              |    56 |    57 ||   113
       Headbutt          |     3 |     4 ||     7
 Cast: Beastly Appendage |    25 |    12 ||    37
       Spider Form       |     3 |     6 ||     9
       Sticks to Snakes  |       |     6 ||     6
  Use: Scroll            |     3 |     1 ||     4
       Potion            |     1 |       ||     1
 Stab: Distracted        |       |     2 ||     2
       Sleeping          |       |     2 ||     2
  Eat: Bread ration      |     1 |     1 ||     2
Armor: Skin              |    31 |    23 ||    54
Dodge: Dodged            |   100 |    75 ||   175
